Map: Frozen Temple

Players

sawosch - Winner!

  • Race: Protoss Protoss
  • League: Master

Andersone

  • Race: Protoss Protoss
  • League: Master

VOD

Have the link to the VOD?

Description

Time

  • Played on: May 22, 2016, 1:50 p.m.
  • Length: 21:12
Show
View Real Time Build Order
Export as new Build Order

sawosch Protoss - Winner!

Build Orders:  

Get SALT Encoding   

  12  0:01  Probe (Chrono Boost)  
  13  0:12  Probe (Chrono Boost)  
  14  0:22  Pylon  
  14  0:23  Probe (Chrono Boost)  
  15  0:40  Probe (Chrono Boost), Gateway  
  16  0:44  Assimilator  
  16  0:50  Probe (Chrono Boost)  
  17  1:01  Probe (Chrono Boost)  
  17  1:03  Gateway  
  18  1:13  Probe (Chrono Boost)  
  18  1:16  Assimilator  
  19  1:24  Probe (Chrono Boost)  
  20  1:29  Cybernetics Core  
  20  1:32  Pylon  
  20  1:43  Probe (Chrono Boost)  
  21  2:05  Stalker x2  
  21  2:06  Warp Gate  
  21  2:08  Probe (Chrono Boost)  
  26  2:20  Probe (Chrono Boost)  
  27  2:24  Pylon  
  27  2:31  Mothership Core (Chrono Boost)  
  29  2:42  Stalker  
  29  2:43  Stalker  
  33  2:56  Probe (Chrono Boost)  
  35  3:20  Probe (Chrono Boost)  
  33  3:38  Nexus  
  33  3:40  Pylon  
  33  3:42  Pylon  
  30  4:01  Probe (Chrono Boost)  
  31  4:09  Stargate  
  31  4:13  Gateway  
  31  4:14  Stalker x2  
  35  4:26  Probe (Chrono Boost)  
  34  4:36  Probe (Chrono Boost)  
  34  4:38  Gateway  
  35  4:40  Stalker  
  35  4:41  Stalker  
  39  4:50  Probe (Chrono Boost), Pylon  
  40  4:53  Oracle  
  40  4:55  Probe (Chrono Boost)  
  40  5:07  Pylon  
  40  5:12  Pylon  
  38  5:16  Stalker  
  36  5:29  Probe (Chrono Boost)  
  36  5:30  Probe (Chrono Boost)  
  38  5:40  Probe x2 (Chrono Boost), Void Ray (Chrono Boost)  
  44  5:46  Sentry  
  44  5:47  Sentry  
  48  5:50  Probe (Chrono Boost)  
  48  5:51  Probe (Chrono Boost)  
  50  6:00  Probe (Chrono Boost)  
  50  6:01  Probe  
  52  6:10  Probe  
  52  6:13  Probe  
  54  6:21  Probe, Void Ray (Chrono Boost)  
  54  6:25  Probe  
  57  6:30  Stalker x3  
  63  6:33  Stalker  
  63  6:35  Probe  
  63  6:37  Probe  
  67  6:42  Assimilator  
  67  6:44  Assimilator  
  67  6:46  Pylon  
  67  6:58  Pylon  
  67  6:59  Pylon  
  71  7:01  Void Ray (Chrono Boost)  
  71  7:09  Probe  
  71  7:10  Probe  
  73  7:21  Robotics Facility  
  73  7:25  Zealot x4  
  73  7:27  Probe  
  82  7:52  Stalker x4  
  82  7:57  Probe  
  90  7:59  Probe  
  90  8:05  Robotics Facility  
  92  8:08  Probe  
  92  8:11  Probe, Immortal (Chrono Boost)  
  97  8:29  Pylon  
  97  8:30  Stalker  
  97  8:31  Stalker, Pylon  
  97  8:33  Probe  
  102  8:36  Pylon  
  102  8:38  Forge  
  102  8:48  Observer (Chrono Boost)  
  103  8:58  Immortal (Chrono Boost)  
  103  9:01  Probe  
  108  9:07  Immortal (Chrono Boost)  
  112  9:13  Zealot x3  
  112  9:14  Zealot  
  118  9:29  Nexus  
  118  9:31  Pylon  
  118  9:35  Mothership Core  
  118  9:36  Probe  
  121  9:45  Immortal (Chrono Boost)  
  125  9:48  Probe  
  125  9:50  Observer (Chrono Boost)  
  127  9:56  Probe  
  128  10:00  Probe  
  129  10:08  Probe, Warp Prism (Chrono Boost)  
  132  10:22  Assimilator x2  
  132  10:28  Stargate  
  132  10:29  Stargate  
  132  10:31  Pylon  
  132  10:33  Probe x2  
  134  10:41  Immortal (Chrono Boost)  
  134  10:42  Probe  
  138  10:45  Probe x2  
  138  10:48  Gateway  
  141  10:52  Gateway  
  141  10:56  Immortal (Chrono Boost)  
  145  11:07  Twilight Council  
  145  11:11  Pylon  
  145  11:13  Pylon  
  145  11:14  Pylon  
  145  11:16  Protoss Shields Level 1  
  145  11:19  Void Ray x2 (Chrono Boost)  
  145  11:23  Void Ray (Chrono Boost)  
  157  11:30  Protoss Air Weapons Level 1 (Chrono Boost)  
  157  11:42  Photon Cannon, Pylon  
  157  11:45  Pylon  
  157  11:46  Photon Cannon  
  157  11:54  Fleet Beacon  
  157  12:03  Void Ray  
  157  12:04  Void Ray  
  157  12:09  Void Ray  
  169  12:19  Photon Cannon  
  169  12:32  Nexus  
  169  12:52  Pylon  
  169  12:53  Carrier  
  169  12:54  Pylon  
  169  12:56  Carrier, Pylon, Cybernetics Core  
  169  12:57  Carrier  
  179  13:01  Protoss Air Armor Level 1 (Chrono Boost)  
  179  13:11  Graviton Catapult (Chrono Boost)  
  183  13:20  Photon Cannon  
  183  13:22  Photon Cannon  
  183  13:39  Photon Cannon  
  183  13:41  Photon Cannon  
  183  13:43  Photon Cannon  
  183  13:45  Photon Cannon  
  177  13:56  Photon Cannon  
  177  13:58  Pylon  
  177  13:59  Protoss Air Weapons Level 2 (Chrono Boost)  
  177  14:03  Assimilator  
  177  14:05  Assimilator  
  183  14:22  Carrier (Chrono Boost)  
  195  15:03  Dark Shrine  
  195  15:05  Carrier (Chrono Boost)  
  195  15:08  Photon Cannon  
  185  15:42  Carrier x2 (Chrono Boost)  
  197  15:46  Stargate  
  197  15:48  Stargate  
  197  15:51  Stargate  
  196  15:58  Zealot x2  
  190  16:19  Dark Templar  
  190  16:20  Dark Templar x3  
  194  16:40  Carrier (Chrono Boost)  
  194  16:50  Carrier (Chrono Boost)  
  194  16:51  Probe  
  194  16:52  Photon Cannon  
  194  16:53  Probe x3  
  198  17:05  Probe  
  198  17:28  Probe x2  
  200  17:48  Nexus  
  200  17:50  Pylon  
  200  17:51  Pylon  
  198  19:02  Photon Cannon  
  198  19:04  Photon Cannon  
  198  19:06  Photon Cannon  
  198  19:08  Photon Cannon  
  198  19:13  Pylon  
  198  19:21  Observer  
  197  20:36  Dark Templar x2  
  199  21:01  Dark Templar x2  
Show
View Real Time Build Order
Export as new Build Order

Andersone Protoss 

Build Orders:  

Get SALT Encoding   

  12  0:01  Probe (Chrono Boost)  
  13  0:11  Probe (Chrono Boost)  
  14  0:17  Pylon  
  14  0:22  Probe (Chrono Boost)  
  15  0:36  Probe (Chrono Boost)  
  15  0:37  Gateway  
  16  0:46  Probe (Chrono Boost)  
  16  0:47  Assimilator  
  18  0:57  Probe (Chrono Boost)  
  18  1:03  Assimilator  
  18  1:07  Probe (Chrono Boost)  
  19  1:18  Probe (Chrono Boost), Gateway  
  20  1:32  Cybernetics Core  
  20  1:34  Probe (Chrono Boost)  
  20  1:37  Pylon  
  21  1:45  Probe (Chrono Boost)  
  22  1:55  Probe (Chrono Boost)  
  23  2:08  Stalker  
  23  2:09  Stalker  
  23  2:10  Warp Gate (Chrono Boost)  
  27  2:16  Pylon  
  27  2:22  Mothership Core  
  29  2:38  Stalker  
  29  2:39  Stalker  
  33  2:57  Probe  
  34  3:10  Pylon  
  34  3:16  Nexus  
  34  3:28  Sentry x2  
  38  3:36  Pylon  
  38  3:58  Twilight Council  
  38  4:06  Robotics Facility  
  38  4:10  Stalker x2  
  38  4:16  Pylon  
  42  4:18  Probe  
  43  4:30  Probe  
  42  4:31  Probe  
  42  4:35  Blink (Chrono Boost)  
  43  4:42  Probe x2  
  45  4:52  Probe  
  45  4:54  Probe, Observer  
  48  5:03  Probe  
  48  5:06  Probe  
  46  5:19  Stalker x2  
  48  5:29  Probe  
  48  5:31  Probe  
  48  5:32  Immortal (Chrono Boost)  
  54  5:40  Probe  
  55  5:43  Probe  
  55  5:46  Gateway  
  55  5:47  Gateway  
  55  5:48  Stalker x2  
  60  5:54  Probe  
  60  5:55  Probe  
  62  6:04  Probe  
  62  6:07  Probe  
  61  6:15  Probe  
  62  6:19  Probe  
  67  6:25  Probe  
  67  6:30  Observer  
  67  6:31  Probe  
  66  6:33  Stalker  
  66  6:34  Stalker  
  66  6:38  Pylon  
  70  6:40  Pylon  
  70  6:43  Assimilator  
  70  6:45  Assimilator  
  70  6:52  Pylon  
  70  6:54  Probe  
  70  7:01  Probe, Observer  
  72  7:08  Templar Archives  
  73  7:13  Probe  
  74  7:22  Probe  
  74  7:26  Probe, Nexus  
  74  7:27  Pylon  
  76  7:32  Probe  
  77  7:42  Probe  
  77  7:43  Probe  
  78  7:46  Pylon  
  79  7:53  Probe  
  79  7:54  Probe  
  81  8:04  Probe  
  81  8:05  Gateway  
  81  8:07  Probe, Gateway  
  81  8:09  Gateway  
  81  8:10  Gateway x2  
  81  8:12  Forge  
  83  8:14  Probe, Forge  
  84  8:23  High Templar x3  
  84  8:26  High Templar  
  92  8:33  Archon x2  
  92  8:38  Probe  
  92  8:39  Probe  
  94  8:42  Assimilator  
  94  8:44  Assimilator  
  94  8:56  Protoss Ground Weapons Level 1 (Chrono Boost)  
  94  8:57  Protoss Ground Armor Level 1 (Chrono Boost)  
  94  8:58  Probe  
  94  8:59  Probe  
  94  9:00  Probe  
  92  9:22  High Templar x3  
  92  9:28  Archon  
  92  9:29  High Templar  
  94  9:32  Zealot x5  
  94  9:34  Archon  
  104  9:42  Immortal  
  108  9:53  Pylon  
  108  9:55  Pylon  
  108  9:57  Zealot x7  
  108  9:58  Zealot  
  124  10:01  Pylon  
  124  10:02  Pylon  
  124  10:03  Pylon  
  124  10:17  High Templar x3  
  124  10:18  High Templar  
  124  10:19  Zealot x3  
  124  10:20  Zealot x2  
  142  10:21  Archon x2  
  142  10:34  Warp Prism  
  144  10:36  Protoss Ground Weapons Level 2 (Chrono Boost), Nexus  
  144  10:37  Pylon  
  142  10:43  High Templar x2  
  142  10:49  Archon  
  146  10:50  Zealot x6  
  146  10:51  Zealot  
  146  10:54  Protoss Ground Armor Level 2 (Chrono Boost)  
  160  11:15  High Templar x2  
  160  11:18  Zealot x4  
  172  11:20  Archon  
  172  11:23  Charge (Chrono Boost)  
  172  11:36  Pylon x2  
  172  11:42  Pylon  
  172  11:43  Pylon, Dark Shrine  
  172  11:45  Pylon  
  172  11:47  Immortal  
  172  11:51  Adept x4  
  184  12:00  Probe  
  184  12:01  Probe  
  184  12:02  Probe  
  184  12:07  Stargate  
  185  12:12  High Templar x2  
  183  12:16  Archon  
  183  12:22  Assimilator  
  183  12:24  Pylon  
  183  12:25  Assimilator  
  183  12:29  Photon Cannon  
  183  12:30  Photon Cannon, Pylon  
  183  12:32  Pylon  
  183  12:34  Pylon  
  183  12:48  Adept x2  
  183  12:49  Adept x2  
  191  13:19  Protoss Ground Weapons Level 3 (Chrono Boost), Dark Templar  
  193  13:21  Dark Templar x3  
  199  13:28  Protoss Ground Armor Level 3 (Chrono Boost)  
  193  13:37  Photon Cannon  
  189  13:54  High Templar x2  
  189  13:55  High Templar x2  
  195  13:59  Archon x2  
  195  14:09  Probe  
  195  14:10  Probe  
  195  14:11  Probe  
  195  14:14  Gateway  
  195  14:15  Gateway  
  198  14:18  Gateway x2  
  198  14:19  Gateway  
  198  14:20  Gateway  
  198  14:33  Nexus  
  198  14:34  Pylon  
  198  14:44  High Templar x2  
  200  15:03  Assimilator  
  200  15:06  Assimilator  
  200  15:09  Photon Cannon  
  200  15:11  Photon Cannon  
  200  15:12  Photon Cannon  
  200  15:42  Photon Cannon  
  200  15:44  Photon Cannon  
  200  15:46  Photon Cannon  
  200  15:48  Photon Cannon  
  182  16:11  High Templar x4  
  182  16:12  High Templar x8  
  170  16:20  Archon x3  
  170  16:21  Archon x3  
  104  16:33  Zealot x3  
  104  16:37  Oracle (Chrono Boost)  
  109  16:45  Archon  
  109  16:53  Protoss Shields Level 1  
  109  16:54  Zealot x13  
  135  17:03  Probe  
  135  17:04  Probe  
  111  17:16  Probe  
  111  17:18  High Templar x6, Psionic Storm  
  111  17:19  High Templar x2  
  128  17:24  Archon x3  
  128  17:48  Zealot x2  
  128  17:49  Zealot x5  
  128  17:50  Zealot x2  
  128  17:51  Zealot x6  
  152  18:12  High Templar x6  
  162  18:16  Archon x3, Nexus  
  162  18:18  Zealot x8, Pylon  
  162  18:19  Zealot  
  180  18:20  Pylon  
  167  18:42  Oracle (Chrono Boost), Observer (Chrono Boost)  
  167  18:46  Zealot x10  
  167  18:47  Zealot  
  192  19:15  Pylon  
  192  19:17  Pylon  
  192  19:19  Pylon  
  192  19:21  Pylon  
  192  19:28  Oracle (Chrono Boost)  
  195  19:36  Assimilator, High Templar  
  195  19:37  High Templar  
  199  19:39  Assimilator  
  189  20:25  Stalker x7  
  175  20:39  Stalker x2  
  175  20:40  Stalker  
  179  20:46  Assimilator  
  179  20:49  Assimilator  
  155  21:00  High Templar x3  
  155  21:01  High Templar  
Tags
 
Add a new tag
Caveats
  • Supply blocks, unpowered buildings, or Contaminate may cause inaccurate times.
  • Supply counts are checked every 10 seconds.